Diables vs Senators
Created - January 21, 2019 at 19:04
Goals
|
| Diables |
0 |
0 |
4 |
4 |
| Senators |
0 |
1 |
2 |
3 |
|
Shots
|
| Diables |
2 |
13 |
15 |
30 |
| Senators |
12 |
6 |
12 |
30 |
|
1st period
No Goal
Penalties :
Nick Bjugstad (Alm) for Hooking (Minor) at 2:58, Pavel Valentenko (Alm) for Hooking (Minor) at 13:06, Brandon Burlon (Alm) for Slashing (Minor) at 19:36
2nd period
1. Senators , Stephane Da Costa 27 (Gabriel Bourque 39) at 13:42
Penalties :
Dylan Blujus (BIN) for Roughing (Minor) at 17:12
3rd period
2. Diables , Elias Lindholm 3 (Mitchell Moroz 4, Carl Gunnarsson 22) at 7:16
3. Diables , Brandon Burlon 7 (Shayne Gostisbehere 14, Garret Sparks) at 11:35 (PP)
4. Diables , Michal Repik 11 (Jamie Oleksiak 5) at 13:45
5. Senators , Tomas Jurco 6 (Nick Foligno 23, Tommy Wingels 31) at 17:16 (PP)
6. Diables , Brandon Burlon 8 (Tim Schaller 36, Craig Smith 36) at 19:24 (Empty Net)
7. Senators , Tommy Wingels 13 (Tomas Jurco 6, Nick Foligno 24) at 19:56
Penalties :
Gabriel Bourque (BIN) for Cross-checking (Minor) at 4:39, Matt Frattin (BIN) for Roughing (Double Minor) at 11:06, Christian Thomas (Alm) for Holding (Minor) at 16:43
Goalie Stats
Garret Sparks (Alm), 27 saves from 30 shots - (0.900), W, 5-7-1, 60:00 minutes
Brad Thiessen (BIN), 26 saves from 29 shots - (0.897), L, 10-11-4, 59:29 minutes
Players Stats for Diables
Player Name G A P +/- PIM S H SB GA TA FO MP PP MP PK MP
------------------------------------------------------------------------------------
Brandon Burlon 2 0 2 -1 2 4 1 0 0 1 0/0 25:25 4:12 2:27
Carl Gunnarsson 0 1 1 0 0 4 2 1 0 3 0/0 20:51 2:14 3:00
Chris Bigras 0 0 0 0 0 1 0 0 0 0 0/0 3:07 0:00 0:00
Christian Thomas 0 0 0 -1 2 1 1 0 0 0 1/1 12:11 0:00 0:00
Craig Smith 0 1 1 0 0 2 1 2 0 1 3/6 21:31 3:24 4:11
Daniel Zaar 0 0 0 0 0 0 0 0 0 0 0/0 0:08 0:08 0:00
Elias Lindholm 1 0 1 2 0 1 0 0 0 0 2/2 8:07 0:00 0:00
Jamie Oleksiak 0 1 1 2 0 0 0 0 0 0 0/0 13:54 0:00 1:03
Jan Mursak 0 0 0 0 0 1 0 1 1 0 0/0 17:28 3:32 0:00
Jordan Caron 0 0 0 0 0 3 2 0 1 0 0/0 17:31 2:54 1:50
Louis Leblanc 0 0 0 -1 0 0 2 2 0 0 2/5 12:33 0:00 0:17
Mark Fraser 0 0 0 0 0 1 1 0 0 1 0/0 20:51 2:14 3:00
Michal Repik 1 0 1 2 0 3 1 0 0 1 0/0 9:21 0:00 1:14
Mikko Lehtonen 0 0 0 -1 0 1 2 1 1 0 0/0 12:20 0:08 0:00
Mitchell Moroz 0 1 1 2 0 0 0 0 1 0 0/0 8:07 0:00 0:00
Nick Bjugstad 0 0 0 -1 2 2 3 0 0 0 11/25 17:30 2:54 1:07
Pavel Valentenko 0 0 0 2 2 0 0 1 0 0 0/0 10:20 0:00 0:00
Shayne Gostisbehere 0 1 1 -1 0 2 1 1 0 2 0/0 25:43 4:12 3:30
Taylor Beck 0 0 0 0 0 2 1 1 0 0 0/0 15:46 2:54 0:16
Tim Schaller 0 1 1 1 0 2 2 0 0 0 6/14 20:42 3:24 4:05
Players Stats for Senators
Player Name G A P +/- PIM S H SB GA TA FO MP PP MP PK MP
------------------------------------------------------------------------------------
Andy Andreoff 0 0 0 0 0 2 1 0 0 0 1/1 10:27 0:00 2:14
Arturs Kulda 0 0 0 -1 0 2 2 0 1 2 0/0 28:07 4:25 3:51
Blake Coleman 0 0 0 0 0 0 0 0 0 0 0/0 0:00 0:00 0:00
Brett Bulmer 0 0 0 0 0 2 2 0 0 0 0/0 8:13 0:00 0:00
Chandler Stephenson 0 0 0 0 0 1 0 0 0 0 1/4 8:52 0:00 0:38
Dylan Blujus 0 0 0 0 2 0 0 2 0 0 0/0 11:52 0:00 0:00
Gabriel Bourque 0 1 1 0 2 2 2 1 2 0 3/4 21:00 3:42 2:22
Johannes Salmonsson 0 0 0 0 0 4 1 0 0 0 0/0 12:47 0:00 1:46
Keegan Lowe 0 0 0 0 0 0 1 1 0 0 0/0 11:14 0:00 0:00
Mason Geertsen 0 0 0 0 0 0 0 0 0 0 0/0 2:12 0:00 0:00
Matt Frattin 0 0 0 0 4 0 2 0 1 0 1/2 18:38 3:42 0:00
Nick Foligno 0 2 2 -1 0 4 2 2 1 0 0/0 16:28 2:48 0:46
Olli Maatta 0 0 0 -1 0 2 1 1 0 1 0/0 26:33 4:25 3:51
Phil Di Giuseppe 0 0 0 0 0 0 0 0 0 0 0/0 0:00 0:00 0:00
Samuel Morin 0 0 0 0 0 1 0 4 0 1 0/0 20:01 2:05 2:35
Scott Harrington 0 0 0 0 0 0 2 3 0 0 0/0 20:01 2:05 2:35
Sebastian Wannstrom 0 0 0 0 0 1 1 1 1 0 0/0 10:59 0:00 0:00
Stephane Da Costa 1 0 1 0 0 2 1 1 1 0 13/27 22:06 3:42 3:27
Tomas Jurco 1 1 2 -1 0 3 0 0 0 0 0/0 15:41 2:48 0:00
Tommy Wingels 1 1 2 -1 0 4 2 2 1 0 6/9 15:41 2:48 0:00
Zemgus Girgensons 0 0 0 0 0 0 3 0 1 0 3/6 12:39 0:00 1:39
3 Stars
1 - Michal Repik (Alm)
2 - Elias Lindholm (Alm)
3 - Brandon Burlon (Alm)
Power Play
Diables - 1 on 4 Attempt(s) - 25.00%
Senators - 1 on 4 Attempt(s) - 25.00%
Penalty Kill
Diables - 3 on 4 Attempt(s) - 75.00%
- Score 0 goal in Penalty Kill
Senators - 3 on 4 Attempt(s) - 75.00%
- Score 0 goal in Penalty Kill
Team Stat
Diables - Hits : 20 - Faceoff Wins : 25 - Blocked Shots : 10 - Penalty Minutes : 8
Senators - Hits : 23 - Faceoff Wins : 28 - Blocked Shots : 18 - Penalty Minutes : 8
Official
Referees : Unknown
Linesman : Unknown
Game Notes
Brandon Burlon has scored in a empty net!
Finance
Level 1 -- Attendance: 1576 (78.80%) -- Ticket Income $52,008
Level 2 -- Attendance: 732 (73.20%) -- Ticket Income $10,980
Total Attendance: 2308 (76.93%)
Total Ticket Income: $62,988
Other Income: $3,149
Total Income: $66,137
Diables
5 vs 5 Forward
Center Left Wing Right Wing Time % Phy DF OF
1 Nick Bjugstad Jan Mursak Craig Smith 40 1 2 2
2 Tim Schaller Taylor Beck Jordan Caron 30 1 2 2
3 Louis Leblanc Christian Thomas Mikko Lehtonen 20 1 2 2
4 Elias Lindholm Mitchell Moroz Michal Repik 10 1 2 2
5 vs 5 Defense
Defense Defense Time % Phy DF OF
1 Brandon Burlon Shayne Gostisbehere 40 1 2 2
2 Carl Gunnarsson Mark Fraser 30 1 2 2
3 Pavel Valentenko Jamie Oleksiak 20 1 2 2
4 Chris Bigras Brandon Burlon 10 1 2 2
PowerPlay Forward
Center Left Wing Right Wing Time % Phy DF OF
1 Tim Schaller Jan Mursak Craig Smith 60 1 2 2
2 Nick Bjugstad Taylor Beck Jordan Caron 40 1 2 2
PowerPlay Defense
Defense Defense Time % Phy DF OF
1 Brandon Burlon Shayne Gostisbehere 60 1 2 2
2 Carl Gunnarsson Mark Fraser 40 1 2 2
Penalty Kill 4 Players Forward
Center Wing Time % Phy DF OF
1 Craig Smith Tim Schaller 60 1 2 2
2 Nick Bjugstad Jordan Caron 40 1 2 2
Penalty Kill 4 Players Defense
Defense Defense Time % Phy DF OF
1 Brandon Burlon Shayne Gostisbehere 60 1 2 2
2 Carl Gunnarsson Mark Fraser 40 1 2 2
Penalty Kill - 3 Players Forward
Forward Time % Phy DF OF
1 Craig Smith 60 1 2 2
2 Tim Schaller 40 1 2 2
Penalty Kill - 3 Players Defense
Defense Defense Time % Phy DF OF
1 Brandon Burlon Shayne Gostisbehere 60 1 2 2
2 Carl Gunnarsson Mark Fraser 40 1 2 2
4 vs 4 Forward
Center Wing Time % Phy DF OF
1 Craig Smith Tim Schaller 60 1 2 2
2 Nick Bjugstad Jordan Caron 40 1 2 2
4 vs 4 Defense
Defense Defense Time % Phy DF OF
1 Brandon Burlon Shayne Gostisbehere 60 1 2 2
2 Carl Gunnarsson Mark Fraser 40 1 2 2
Last Minutes Offensive
Center Left Wing Right Wing Defense Defense
Tim Schaller Jan Mursak Craig Smith Brandon Burlon Shayne Gostisbehere
Last Minutes Defensive
Center Left Wing Right Wing Defense Defense
Tim Schaller Jan Mursak Craig Smith Brandon Burlon Shayne Gostisbehere
Goaltenders
Starting : Garret Sparks
Backup : Malcolm Subban
Extra Forwards
Normal : Daniel Zaar, Mikko Lehtonen, Michal Repik - PP : Daniel Zaar, Mikko Lehtonen - PK : Michal Repik
Extra Defensemen
Normal : Pavel Valentenko, Jamie Oleksiak, Chris Bigras - PP : Pavel Valentenko - PK : Jamie Oleksiak, Chris Bigras
Penalty Shots
Craig Smith, Tim Schaller, Nick Bjugstad, Jordan Caron, Jan Mursak
Scratches
Brandon Prust (Sprained Left Ankle Injury), Stephen Harper (Healthy), Emil Djuse (Healthy), Gemel Smith (Healthy), Matt Lindblad (Healthy)
Cole Cassels (Healthy), Jeremy Gregoire (Healthy), Connor Hurley (Healthy), Gustav Olofsson (Healthy), Andreas Johnsson (Healthy)
Brett Ritchie (Healthy), Jonas Junland (Healthy), Andrew O'Brien (Healthy), Marc-André Bourdon (Healthy), Linus Ullmark (Healthy)
Jack Campbell (Healthy)
Senators
5 vs 5 Forward
Center Left Wing Right Wing Time % Phy DF OF
1 Stephane Da Costa Gabriel Bourque Matt Frattin 40 1 2 2
2 Tommy Wingels Nick Foligno Tomas Jurco 30 1 2 2
3 Zemgus Girgensons Johannes Salmonsson Sebastian Wannstrom 20 1 2 2
4 Chandler Stephenson Andy Andreoff Brett Bulmer 10 1 2 2
5 vs 5 Defense
Defense Defense Time % Phy DF OF
1 Arturs Kulda Olli Maatta 40 1 2 2
2 Samuel Morin Scott Harrington 30 1 2 2
3 Dylan Blujus Keegan Lowe 20 1 2 2
4 Mason Geertsen Arturs Kulda 10 1 2 2
PowerPlay Forward
Center Left Wing Right Wing Time % Phy DF OF
1 Stephane Da Costa Gabriel Bourque Matt Frattin 60 1 2 2
2 Tommy Wingels Nick Foligno Tomas Jurco 40 1 2 2
PowerPlay Defense
Defense Defense Time % Phy DF OF
1 Arturs Kulda Olli Maatta 60 1 2 2
2 Samuel Morin Scott Harrington 40 1 2 2
Penalty Kill 4 Players Forward
Center Wing Time % Phy DF OF
1 Gabriel Bourque Stephane Da Costa 60 1 2 2
2 Nick Foligno Johannes Salmonsson 40 1 2 2
Penalty Kill 4 Players Defense
Defense Defense Time % Phy DF OF
1 Arturs Kulda Olli Maatta 60 1 2 2
2 Samuel Morin Scott Harrington 40 1 2 2
Penalty Kill - 3 Players Forward
Forward Time % Phy DF OF
1 Gabriel Bourque 60 1 2 2
2 Stephane Da Costa 40 1 2 2
Penalty Kill - 3 Players Defense
Defense Defense Time % Phy DF OF
1 Arturs Kulda Olli Maatta 60 1 2 2
2 Samuel Morin Scott Harrington 40 1 2 2
4 vs 4 Forward
Center Wing Time % Phy DF OF
1 Gabriel Bourque Stephane Da Costa 60 1 2 2
2 Nick Foligno Johannes Salmonsson 40 1 2 2
4 vs 4 Defense
Defense Defense Time % Phy DF OF
1 Arturs Kulda Olli Maatta 60 1 2 2
2 Samuel Morin Scott Harrington 40 1 2 2
Last Minutes Offensive
Center Left Wing Right Wing Defense Defense
Stephane Da Costa Gabriel Bourque Matt Frattin Arturs Kulda Olli Maatta
Last Minutes Defensive
Center Left Wing Right Wing Defense Defense
Stephane Da Costa Gabriel Bourque Matt Frattin Arturs Kulda Olli Maatta
Goaltenders
Starting : Brad Thiessen
Backup : Ben Bishop
Extra Forwards
Normal : Phil Di Giuseppe, Blake Coleman, Andy Andreoff - PP : Phil Di Giuseppe, Blake Coleman - PK : Andy Andreoff
Extra Defensemen
Normal : Dylan Blujus, Keegan Lowe, Mason Geertsen - PP : Dylan Blujus - PK : Keegan Lowe, Mason Geertsen
Penalty Shots
Gabriel Bourque, Stephane Da Costa, Nick Foligno, Johannes Salmonsson, Matt Frattin
Scratches
Grant Besse (Separated Left Shoulder Injury)
% Time on Ice - Diables
Lines # - Real PCT - Wanted PCT - Time Play
Normal Forward
1 - 29% - 40% - 13:15
2 - 28% - 30% - 12:47
3 - 26% - 20% - 12:12
4 - 18% - 10% - 8:07
Normal Defense
1 - 37% - 40% - 17:18
2 - 34% - 30% - 15:37
3 - 22% - 20% - 10:19
4 - 7% - 10% - 3:07
PP Forward
1 - 55% - 60% - 3:32
2 - 45% - 40% - 2:54
PP Defense
1 - 65% - 60% - 4:12
2 - 35% - 40% - 2:14
PK Forward
1 - 72% - 60% - 4:40
2 - 28% - 40% - 1:50
PK Defense
1 - 54% - 60% - 3:30
2 - 46% - 40% - 3:00
PK3 Forward
1 - 0% - 60%
2 - 0% - 40%
PK3 Defense
1 - 0% - 60%
2 - 0% - 40%
44 Forward
1 - 0% - 60%
2 - 0% - 40%
44 Defense
1 - 0% - 60%
2 - 0% - 40%
Last Minute Offensive - 0:00
Last Minute Defensive - 0:43
Total
Forward - 60:00
Defense - 60:00
|
% Time on Ice - Senators
Lines # - Real PCT - Wanted PCT - Time Play
Normal Forward
1 - 31% - 40% - 14:18
2 - 28% - 30% - 12:54
3 - 24% - 20% - 10:59
4 - 18% - 10% - 8:13
Normal Defense
1 - 38% - 40% - 17:42
2 - 33% - 30% - 15:21
3 - 24% - 20% - 11:09
4 - 5% - 10% - 2:12
PP Forward
1 - 57% - 60% - 3:42
2 - 43% - 40% - 2:48
PP Defense
1 - 68% - 60% - 4:25
2 - 32% - 40% - 2:05
PK Forward
1 - 88% - 60% - 5:40
2 - 12% - 40% - 0:46
PK Defense
1 - 60% - 60% - 3:51
2 - 40% - 40% - 2:35
PK3 Forward
1 - 0% - 60%
2 - 0% - 40%
PK3 Defense
1 - 0% - 60%
2 - 0% - 40%
44 Forward
1 - 0% - 60%
2 - 0% - 40%
44 Defense
1 - 0% - 60%
2 - 0% - 40%
Last Minute Offensive - 0:40
Last Minute Defensive - 0:00
Total
Forward - 60:00
Defense - 60:00
|
Play-by-Play
1st period
0:01 of 1st period - Nick Bjugstad wins face-off versus Matt Frattin in neutral zone.
0:48 of 1st period - Wrist shot by Mikko Lehtonen.
0:48 of 1st period - Shot Misses the Net.
0:54 of 1st period - Brandon Burlon is hit by Scott Harrington and loses puck.
1:09 of 1st period - Icing by Shayne Gostisbehere.
1:10 of 1st period - Louis Leblanc wins face-off versus Stephane Da Costa in Diables zone.
1:17 of 1st period - Gabriel Bourque is hit by Louis Leblanc and loses puck.
1:39 of 1st period - Off-side.
1:40 of 1st period - Nick Bjugstad wins face-off versus Tommy Wingels in neutral zone.
2:30 of 1st period - Pavel Valentenko is hit by Scott Harrington and loses puck.
2:58 of 1st period - Minor Penalty to Nick Bjugstad for Hooking.
2:59 of 1st period - Matt Frattin wins face-off versus Craig Smith in Diables zone.
3:05 of 1st period - Snap shot by Gabriel Bourque.
3:05 of 1st period - Shot Misses the Net.
3:14 of 1st period - Snap shot by Stephane Da Costa.
3:14 of 1st period - Stopped by Garret Sparks with a rebound.
3:44 of 1st period - Stephane Da Costa is hit by Michal Repik.
4:11 of 1st period - Craig Smith is hit by Arturs Kulda and loses puck.
4:44 of 1st period - Tomas Jurco is hit by Brandon Burlon and loses puck.
4:58 of 1st period - Penalty to Nick Bjugstad is over, Nick Bjugstad is back on ice.
6:02 of 1st period - Zemgus Girgensons is hit by Christian Thomas and loses puck.
6:21 of 1st period - Gabriel Bourque is hit by Tim Schaller and loses puck.
6:34 of 1st period - Carl Gunnarsson is hit by Andy Andreoff and loses puck.
6:58 of 1st period - Christian Thomas is hit by Johannes Salmonsson and loses puck.
7:21 of 1st period - Icing by Jordan Caron.
7:22 of 1st period - Chandler Stephenson wins face-off versus Nick Bjugstad in Diables zone.
7:34 of 1st period - Nick Bjugstad is hit by Brett Bulmer and loses puck.
8:31 of 1st period - Mark Fraser is hit by Sebastian Wannstrom and loses puck.
8:48 of 1st period - Carl Gunnarsson is hit by Arturs Kulda and loses puck.
10:27 of 1st period - Off-side.
10:28 of 1st period - Nick Bjugstad wins face-off versus Stephane Da Costa in neutral zone.
11:44 of 1st period - Off-side.
11:45 of 1st period - Tommy Wingels wins face-off versus Tim Schaller in neutral zone.
11:53 of 1st period - Tommy Wingels is hit by Jordan Caron.
11:57 of 1st period - Slapshot by Tommy Wingels.
11:57 of 1st period - Shot Misses the Net.
11:59 of 1st period - Slapshot by Olli Maatta.
11:59 of 1st period - Stopped by Garret Sparks with a rebound.
12:01 of 1st period - Wrist shot by Nick Foligno.
12:01 of 1st period - Stopped by Garret Sparks with a rebound.
12:11 of 1st period - Sebastian Wannstrom is hit by Nick Bjugstad and loses puck.
13:00 of 1st period - Slapshot by Tommy Wingels.
13:00 of 1st period - Shot Misses the Net.
13:02 of 1st period - Snap shot by Nick Foligno.
13:02 of 1st period - Deflect By Tomas Jurco.
13:02 of 1st period - Stopped by Garret Sparks without a rebound.
13:03 of 1st period - Zemgus Girgensons wins face-off versus Craig Smith in Diables zone.
13:04 of 1st period - Wrist shot by Johannes Salmonsson.
13:04 of 1st period - Stopped by Garret Sparks with a rebound.
13:06 of 1st period - Minor Penalty to Pavel Valentenko for Hooking.
13:07 of 1st period - Stephane Da Costa wins face-off versus Craig Smith in Diables zone.
13:22 of 1st period - Snap shot by Stephane Da Costa.
13:22 of 1st period - Shot Misses the Net.
13:41 of 1st period - Snap shot by Tommy Wingels.
13:41 of 1st period - Stopped by Garret Sparks with a rebound.
14:11 of 1st period - Shayne Gostisbehere is hit by Gabriel Bourque and loses puck.
15:06 of 1st period - Penalty to Pavel Valentenko is over, Pavel Valentenko is back on ice.
15:07 of 1st period - Icing by Tomas Jurco.
15:08 of 1st period - Tommy Wingels wins face-off versus Louis Leblanc in Senators zone.
15:21 of 1st period - Wrist shot by Brett Bulmer.
15:21 of 1st period - Stopped by Garret Sparks without a rebound.
15:22 of 1st period - Tim Schaller wins face-off versus Chandler Stephenson in Diables zone.
15:28 of 1st period - Slapshot by Andy Andreoff.
15:28 of 1st period - Stopped by Garret Sparks without a rebound.
15:29 of 1st period - Tim Schaller wins face-off versus Stephane Da Costa in Diables zone.
16:02 of 1st period - Snap shot by Craig Smith.
16:02 of 1st period - Stopped by Brad Thiessen without a rebound.
16:03 of 1st period - Stephane Da Costa wins face-off versus Nick Bjugstad in Senators zone.
16:08 of 1st period - Snap shot by Matt Frattin.
16:08 of 1st period - Shot Misses the Net.
16:16 of 1st period - Wrist shot by Gabriel Bourque.
16:16 of 1st period - Stopped by Garret Sparks with a rebound.
16:18 of 1st period - Snap shot by Matt Frattin.
16:18 of 1st period - Shot Misses the Net.
16:51 of 1st period - Snap shot by Olli Maatta.
16:51 of 1st period - Stopped by Garret Sparks with a rebound.
16:53 of 1st period - Slapshot by Arturs Kulda.
16:53 of 1st period - Shot Blocked by Louis Leblanc.
16:57 of 1st period - Slapshot by Zemgus Girgensons.
16:57 of 1st period - Shot Blocked by Pavel Valentenko.
16:59 of 1st period - Snap shot by Johannes Salmonsson.
16:59 of 1st period - Shot Blocked by Louis Leblanc.
17:52 of 1st period - Wrist shot by Tomas Jurco.
17:52 of 1st period - Stopped by Garret Sparks without a rebound.
17:53 of 1st period - Tommy Wingels wins face-off versus Tim Schaller in Diables zone.
18:02 of 1st period - Snap shot by Taylor Beck.
18:02 of 1st period - Stopped by Brad Thiessen with a rebound.
18:18 of 1st period - Nick Foligno is hit by Mikko Lehtonen and loses puck.
18:23 of 1st period - Slapshot by Mikko Lehtonen.
18:23 of 1st period - Shot Blocked by Dylan Blujus.
18:25 of 1st period - Wrist shot by Mikko Lehtonen.
18:25 of 1st period - Deflect By Louis Leblanc.
18:25 of 1st period - Shot Blocked by Keegan Lowe.
18:25 of 1st period - Puck is out of play.
18:26 of 1st period - Stephane Da Costa wins face-off versus Nick Bjugstad in Senators zone.
19:21 of 1st period - Snap shot by Andy Andreoff.
19:21 of 1st period - Stopped by Garret Sparks without a rebound.
19:22 of 1st period - Gabriel Bourque wins face-off versus Nick Bjugstad in Diables zone.
19:36 of 1st period - Minor Penalty to Brandon Burlon for Slashing.
19:37 of 1st period - Craig Smith wins face-off versus Stephane Da Costa in Diables zone.
Goals for this period are 0 for Diables vs 0 for Senators.
Shots for this period are 2 for Diables vs 12 for Senators.
2nd period
0:01 of 2nd period - Craig Smith wins face-off versus Stephane Da Costa in neutral zone.
0:32 of 2nd period - Snap shot by Nick Foligno.
0:32 of 2nd period - Stopped by Garret Sparks without a rebound.
0:33 of 2nd period - Stephane Da Costa wins face-off versus Nick Bjugstad in Diables zone.
0:59 of 2nd period - Carl Gunnarsson is hit by Nick Foligno and loses puck.
1:20 of 2nd period - Tim Schaller is hit by Matt Frattin and loses puck.
1:32 of 2nd period - Icing by Nick Foligno.
1:33 of 2nd period - Tommy Wingels wins face-off versus Nick Bjugstad in Senators zone.
1:36 of 2nd period - Penalty to Brandon Burlon is over, Brandon Burlon is back on ice.
2:12 of 2nd period - Wrist shot by Michal Repik.
2:12 of 2nd period - Stopped by Brad Thiessen with a rebound.
3:16 of 2nd period - Louis Leblanc is hit by Zemgus Girgensons and loses puck.
3:48 of 2nd period - Icing by Mitchell Moroz.
3:49 of 2nd period - Nick Bjugstad wins face-off versus Chandler Stephenson in Diables zone.
4:20 of 2nd period - Slapshot by Christian Thomas.
4:20 of 2nd period - Shot Blocked by Samuel Morin.
4:22 of 2nd period - Slapshot by Mark Fraser.
4:22 of 2nd period - Shot Blocked by Samuel Morin.
4:24 of 2nd period - Snap shot by Louis Leblanc.
4:24 of 2nd period - Shot Misses the Net.
4:26 of 2nd period - Snap shot by Mikko Lehtonen.
4:26 of 2nd period - Stopped by Brad Thiessen without a rebound.
4:27 of 2nd period - Stephane Da Costa wins face-off versus Nick Bjugstad in Senators zone.
4:27 of 2nd period - Stephane Da Costa is hit by Craig Smith.
5:06 of 2nd period - Wrist shot by Tim Schaller.
5:06 of 2nd period - Shot Misses the Net.
5:08 of 2nd period - Snap shot by Tim Schaller.
5:08 of 2nd period - Stopped by Brad Thiessen with a rebound.
5:10 of 2nd period - Slapshot by Chris Bigras.
5:10 of 2nd period - Stopped by Brad Thiessen with a rebound.
5:20 of 2nd period - Louis Leblanc is hit by Keegan Lowe and loses puck.
5:27 of 2nd period - Wrist shot by Johannes Salmonsson.
5:27 of 2nd period - Shot Blocked by Carl Gunnarsson.
5:31 of 2nd period - Snap shot by Johannes Salmonsson.
5:31 of 2nd period - Stopped by Garret Sparks with a rebound.
5:41 of 2nd period - Brett Bulmer is hit by Carl Gunnarsson and loses puck.
5:50 of 2nd period - Snap shot by Arturs Kulda.
5:50 of 2nd period - Deflect By Chandler Stephenson.
5:50 of 2nd period - Stopped by Garret Sparks with a rebound.
6:27 of 2nd period - Stephane Da Costa is hit by Jordan Caron and loses puck.
6:44 of 2nd period - Slapshot by Brandon Burlon.
6:44 of 2nd period - Stopped by Brad Thiessen without a rebound.
6:45 of 2nd period - Elias Lindholm wins face-off versus Zemgus Girgensons in Senators zone.
7:11 of 2nd period - Michal Repik is hit by Zemgus Girgensons and loses puck.
7:43 of 2nd period - Slapshot by Carl Gunnarsson.
7:43 of 2nd period - Stopped by Brad Thiessen with a rebound.
7:45 of 2nd period - Slapshot by Carl Gunnarsson.
7:45 of 2nd period - Stopped by Brad Thiessen without a rebound.
7:46 of 2nd period - Stephane Da Costa wins face-off versus Nick Bjugstad in Senators zone.
8:30 of 2nd period - Nick Foligno is hit by Taylor Beck and loses puck.
9:37 of 2nd period - Slapshot by Mark Fraser.
9:37 of 2nd period - Shot Hit the Post.
9:39 of 2nd period - Snap shot by Michal Repik.
9:39 of 2nd period - Shot Blocked by Olli Maatta.
10:25 of 2nd period - Brandon Burlon is hit by Tommy Wingels and loses puck.
12:11 of 2nd period - Snap shot by Tim Schaller.
12:11 of 2nd period - Stopped by Brad Thiessen without a rebound.
12:12 of 2nd period - Tommy Wingels wins face-off versus Nick Bjugstad in Senators zone.
12:17 of 2nd period - Wrist shot by Nick Bjugstad.
12:17 of 2nd period - Stopped by Brad Thiessen with a rebound.
12:19 of 2nd period - Snap shot by Mark Fraser.
12:19 of 2nd period - Shot Misses the Net.
12:21 of 2nd period - Snap shot by Jan Mursak.
12:21 of 2nd period - Stopped by Brad Thiessen with a rebound.
12:23 of 2nd period - Slapshot by Carl Gunnarsson.
12:23 of 2nd period - Shot Blocked by Scott Harrington.
12:25 of 2nd period - Snap shot by Jan Mursak.
12:25 of 2nd period - Shot Blocked by Scott Harrington.
13:17 of 2nd period - Brett Bulmer is hit by Mikko Lehtonen and loses puck.
13:28 of 2nd period - Mark Fraser is hit by Brett Bulmer and loses puck.
13:38 of 2nd period - Off-side.
13:39 of 2nd period - Stephane Da Costa wins face-off versus Nick Bjugstad in neutral zone.
13:42 of 2nd period - Wrist shot by Stephane Da Costa.
13:42 of 2nd period - Goal by Stephane Da Costa - Diables : 0 - Senators : 1.
13:43 of 2nd period - Nick Bjugstad wins face-off versus Stephane Da Costa in neutral zone.
13:48 of 2nd period - Snap shot by Jan Mursak.
13:48 of 2nd period - Shot Misses the Net.
13:56 of 2nd period - Snap shot by Matt Frattin.
13:56 of 2nd period - Shot Blocked by Jan Mursak.
14:08 of 2nd period - Tommy Wingels is hit by Shayne Gostisbehere and loses puck.
14:31 of 2nd period - Snap shot by Louis Leblanc.
14:31 of 2nd period - Shot Blocked by Scott Harrington.
14:33 of 2nd period - Snap shot by Louis Leblanc.
14:33 of 2nd period - Shot Misses the Net.
14:35 of 2nd period - Wrist shot by Brandon Burlon.
14:35 of 2nd period - Shot Blocked by Samuel Morin.
15:07 of 2nd period - Dylan Blujus is hit by Nick Bjugstad and loses puck.
15:14 of 2nd period - Snap shot by Nick Bjugstad.
15:14 of 2nd period - Stopped by Brad Thiessen without a rebound.
15:15 of 2nd period - Stephane Da Costa wins face-off versus Nick Bjugstad in Senators zone.
15:26 of 2nd period - Wrist shot by Nick Bjugstad.
15:26 of 2nd period - Shot Misses the Net.
15:46 of 2nd period - Snap shot by Jordan Caron.
15:46 of 2nd period - Shot Misses the Net.
15:48 of 2nd period - Slapshot by Taylor Beck.
15:48 of 2nd period - Stopped by Brad Thiessen with a rebound.
15:50 of 2nd period - Snap shot by Jordan Caron.
15:50 of 2nd period - Shot Misses the Net.
16:09 of 2nd period - Slapshot by Zemgus Girgensons.
16:09 of 2nd period - Shot Misses the Net.
16:11 of 2nd period - Wrist shot by Arturs Kulda.
16:11 of 2nd period - Stopped by Garret Sparks with a rebound.
16:13 of 2nd period - Snap shot by Johannes Salmonsson.
16:13 of 2nd period - Deflect By Pavel Valentenko.
16:13 of 2nd period - Shot Blocked by Mikko Lehtonen.
16:13 of 2nd period - Puck is out of play.
16:14 of 2nd period - Nick Bjugstad wins face-off versus Stephane Da Costa in Diables zone.
16:48 of 2nd period - Taylor Beck is hit by Tommy Wingels and loses puck.
17:01 of 2nd period - Snap shot by Johannes Salmonsson.
17:01 of 2nd period - Stopped by Garret Sparks without a rebound.
17:02 of 2nd period - Christian Thomas wins face-off versus Zemgus Girgensons in Diables zone.
17:12 of 2nd period - Minor Penalty to Dylan Blujus for Roughing.
17:13 of 2nd period - Gabriel Bourque wins face-off versus Tim Schaller in Senators zone.
17:28 of 2nd period - Slapshot by Shayne Gostisbehere.
17:28 of 2nd period - Shot Misses the Net.
19:12 of 2nd period - Penalty to Dylan Blujus is over, Dylan Blujus is back on ice.
19:20 of 2nd period - Keegan Lowe is hit by Louis Leblanc and loses puck.
19:25 of 2nd period - Snap shot by Mikko Lehtonen.
19:25 of 2nd period - Shot Misses the Net.
19:27 of 2nd period - Slapshot by Pavel Valentenko.
19:27 of 2nd period - Shot Blocked by Nick Foligno.
19:41 of 2nd period - Snap shot by Michal Repik.
19:41 of 2nd period - Stopped by Brad Thiessen with a rebound.
Goals for this period are 0 for Diables vs 1 for Senators.
Shots for this period are 13 for Diables vs 6 for Senators.
3rd period
0:01 of 3rd period - Stephane Da Costa wins face-off versus Nick Bjugstad in neutral zone.
1:11 of 3rd period - Wrist shot by Brett Bulmer.
1:11 of 3rd period - Deflect By Andy Andreoff.
1:11 of 3rd period - Shot Misses the Net.
1:11 of 3rd period - Puck is out of play.
1:12 of 3rd period - Nick Bjugstad wins face-off versus Chandler Stephenson in Diables zone.
2:00 of 3rd period - Snap shot by Nick Foligno.
2:00 of 3rd period - Stopped by Garret Sparks without a rebound.
2:01 of 3rd period - Elias Lindholm wins face-off versus Tommy Wingels in Diables zone.
2:16 of 3rd period - Slapshot by Michal Repik.
2:16 of 3rd period - Shot Misses the Net.
2:30 of 3rd period - Wrist shot by Craig Smith.
2:30 of 3rd period - Shot Blocked by Stephane Da Costa.
2:48 of 3rd period - Olli Maatta is hit by Tim Schaller and loses puck.
4:14 of 3rd period - Snap shot by Sebastian Wannstrom.
4:14 of 3rd period - Stopped by Garret Sparks with a rebound.
4:16 of 3rd period - Snap shot by Olli Maatta.
4:16 of 3rd period - Shot Blocked by Taylor Beck.
4:26 of 3rd period - Backhand shot by Shayne Gostisbehere.
4:26 of 3rd period - Deflect By Nick Foligno.
4:26 of 3rd period - Stopped by Brad Thiessen with a rebound.
4:28 of 3rd period - Wrist shot by Brandon Burlon.
4:28 of 3rd period - Stopped by Brad Thiessen with a rebound.
4:30 of 3rd period - Slapshot by Brandon Burlon.
4:30 of 3rd period - Shot Blocked by Nick Foligno.
4:32 of 3rd period - Wrist shot by Christian Thomas.
4:32 of 3rd period - Stopped by Brad Thiessen without a rebound.
4:33 of 3rd period - Nick Bjugstad wins face-off versus Stephane Da Costa in Senators zone.
4:34 of 3rd period - Wrist shot by Craig Smith.
4:34 of 3rd period - Stopped by Brad Thiessen without a rebound.
4:35 of 3rd period - Nick Bjugstad wins face-off versus Stephane Da Costa in Senators zone.
4:39 of 3rd period - Minor Penalty to Gabriel Bourque for Cross-checking.
4:40 of 3rd period - Andy Andreoff wins face-off versus Tim Schaller in Senators zone.
6:14 of 3rd period - Jordan Caron is hit by Olli Maatta.
6:39 of 3rd period - Penalty to Gabriel Bourque is over, Gabriel Bourque is back on ice.
6:54 of 3rd period - Wrist shot by Mikko Lehtonen.
6:54 of 3rd period - Shot Blocked by Dylan Blujus.
6:56 of 3rd period - Wrist shot by Mikko Lehtonen.
6:56 of 3rd period - Shot Misses the Net.
6:58 of 3rd period - Wrist shot by Mikko Lehtonen.
6:58 of 3rd period - Shot Misses the Net.
7:12 of 3rd period - Snap shot by Carl Gunnarsson.
7:12 of 3rd period - Deflect By Tomas Jurco.
7:12 of 3rd period - Stopped by Brad Thiessen with a rebound.
7:14 of 3rd period - Wrist shot by Mitchell Moroz.
7:14 of 3rd period - Shot Misses the Net.
7:16 of 3rd period - Snap shot by Elias Lindholm.
7:16 of 3rd period - Goal by Elias Lindholm - Diables : 1 - Senators : 1.
7:17 of 3rd period - Stephane Da Costa wins face-off versus Nick Bjugstad in neutral zone.
7:20 of 3rd period - Slapshot by Arturs Kulda.
7:20 of 3rd period - Shot Blocked by Craig Smith.
7:22 of 3rd period - Slapshot by Arturs Kulda.
7:22 of 3rd period - Deflect By Stephane Da Costa.
7:22 of 3rd period - Shot Misses the Net.
7:22 of 3rd period - Puck is out of play.
7:23 of 3rd period - Nick Bjugstad wins face-off versus Stephane Da Costa in Diables zone.
7:23 of 3rd period - Nick Bjugstad is hit by Stephane Da Costa.
7:29 of 3rd period - Matt Frattin is hit by Mark Fraser and loses puck.
7:36 of 3rd period - Nick Bjugstad is hit by Gabriel Bourque and loses puck.
7:49 of 3rd period - Slapshot by Mark Fraser.
7:49 of 3rd period - Stopped by Brad Thiessen with a rebound.
7:51 of 3rd period - Snap shot by Carl Gunnarsson.
7:51 of 3rd period - Deflect By Nick Foligno.
7:51 of 3rd period - Stopped by Brad Thiessen with a rebound.
7:55 of 3rd period - Snap shot by Jordan Caron.
7:55 of 3rd period - Stopped by Brad Thiessen without a rebound.
7:56 of 3rd period - Tim Schaller wins face-off versus Stephane Da Costa in Senators zone.
8:09 of 3rd period - Wrist shot by Jordan Caron.
8:09 of 3rd period - Stopped by Brad Thiessen with a rebound.
8:11 of 3rd period - Slapshot by Shayne Gostisbehere.
8:11 of 3rd period - Stopped by Brad Thiessen with a rebound.
8:21 of 3rd period - Brandon Burlon is hit by Nick Foligno and loses puck.
8:32 of 3rd period - Wrist shot by Nick Foligno.
8:32 of 3rd period - Stopped by Garret Sparks without a rebound.
8:33 of 3rd period - Zemgus Girgensons wins face-off versus Tim Schaller in Diables zone.
8:34 of 3rd period - Snap shot by Johannes Salmonsson.
8:34 of 3rd period - Stopped by Garret Sparks with a rebound.
8:47 of 3rd period - Off-side.
8:48 of 3rd period - Nick Bjugstad wins face-off versus Stephane Da Costa in neutral zone.
9:56 of 3rd period - Michal Repik is hit by Matt Frattin and loses puck.
10:45 of 3rd period - Slapshot by Jordan Caron.
10:45 of 3rd period - Shot Misses the Net.
10:47 of 3rd period - Snap shot by Jordan Caron.
10:47 of 3rd period - Deflect By Tim Schaller.
10:47 of 3rd period - Shot Blocked by Tommy Wingels.
10:47 of 3rd period - Puck is out of play.
10:48 of 3rd period - Tim Schaller wins face-off versus Stephane Da Costa in Senators zone.
10:57 of 3rd period - Snap shot by Taylor Beck.
10:57 of 3rd period - Shot Blocked by Gabriel Bourque.
11:01 of 3rd period - Backhand shot by Jordan Caron.
11:01 of 3rd period - Stopped by Brad Thiessen with a rebound.
11:06 of 3rd period - Double Minor Penalty to Matt Frattin for Roughing.
11:07 of 3rd period - Gabriel Bourque wins face-off versus Tim Schaller in Senators zone.
11:35 of 3rd period - Snap shot by Brandon Burlon.
11:35 of 3rd period - Goal by Brandon Burlon - Diables : 2 - Senators : 1.
11:36 of 3rd period - Tim Schaller wins face-off versus Gabriel Bourque in neutral zone.
11:49 of 3rd period - Slapshot by Tim Schaller.
11:49 of 3rd period - Shot Misses the Net.
12:01 of 3rd period - Stephane Da Costa is hit by Nick Bjugstad and loses puck.
13:35 of 3rd period - Penalty to Matt Frattin is over, Matt Frattin is back on ice.
13:45 of 3rd period - Snap shot by Michal Repik.
13:45 of 3rd period - Goal by Michal Repik - Diables : 3 - Senators : 1.
13:46 of 3rd period - Tommy Wingels wins face-off versus Tim Schaller in neutral zone.
14:44 of 3rd period - Snap shot by Johannes Salmonsson.
14:44 of 3rd period - Shot Misses the Net.
14:46 of 3rd period - Slapshot by Johannes Salmonsson.
14:46 of 3rd period - Shot Misses the Net.
14:48 of 3rd period - Slapshot by Zemgus Girgensons.
14:48 of 3rd period - Shot Blocked by Craig Smith.
15:00 of 3rd period - Wrist shot by Brett Bulmer.
15:00 of 3rd period - Stopped by Garret Sparks with a rebound.
15:02 of 3rd period - Slapshot by Samuel Morin.
15:02 of 3rd period - Stopped by Garret Sparks with a rebound.
16:08 of 3rd period - Snap shot by Zemgus Girgensons.
16:08 of 3rd period - Shot Blocked by Shayne Gostisbehere.
16:23 of 3rd period - Olli Maatta is hit by Carl Gunnarsson and loses puck.
16:32 of 3rd period - Slapshot by Arturs Kulda.
16:32 of 3rd period - Stopped by Garret Sparks with a rebound.
16:34 of 3rd period - Wrist shot by Tommy Wingels.
16:34 of 3rd period - Stopped by Garret Sparks without a rebound.
16:35 of 3rd period - Stephane Da Costa wins face-off versus Louis Leblanc in Diables zone.
16:40 of 3rd period - Snap shot by Gabriel Bourque.
16:40 of 3rd period - Stopped by Garret Sparks without a rebound.
16:41 of 3rd period - Stephane Da Costa wins face-off versus Louis Leblanc in Diables zone.
16:43 of 3rd period - Minor Penalty to Christian Thomas for Holding.
16:44 of 3rd period - Craig Smith wins face-off versus Stephane Da Costa in Diables zone.
17:16 of 3rd period - Snap shot by Tomas Jurco.
17:16 of 3rd period - Goal by Tomas Jurco - Diables : 3 - Senators : 2.
17:17 of 3rd period - Zemgus Girgensons wins face-off versus Nick Bjugstad in neutral zone.
17:30 of 3rd period - Slapshot by Shayne Gostisbehere.
17:30 of 3rd period - Shot Blocked by Sebastian Wannstrom.
17:32 of 3rd period - Wrist shot by Jan Mursak.
17:32 of 3rd period - Shot Misses the Net.
18:01 of 3rd period - Off-side.
18:02 of 3rd period - Tim Schaller wins face-off versus Tommy Wingels in neutral zone.
18:07 of 3rd period - Slapshot by Jordan Caron.
18:07 of 3rd period - Shot Blocked by Samuel Morin.
18:13 of 3rd period - Snap shot by Tim Schaller.
18:13 of 3rd period - Shot Blocked by Tommy Wingels.
18:29 of 3rd period - Christian Thomas is hit by Zemgus Girgensons and loses puck.
18:53 of 3rd period - Senators, Brad Thiessen is pulled from the net.
19:22 of 3rd period - Slapshot by Tim Schaller.
19:22 of 3rd period - Shot Misses the Net.
19:24 of 3rd period - Snap shot by Brandon Burlon.
19:24 of 3rd period - Goal by Brandon Burlon - Diables : 4 - Senators : 2.
19:24 of 3rd period - Brad Thiessen from Senators was sent back in the game.
19:25 of 3rd period - Louis Leblanc wins face-off versus Zemgus Girgensons in neutral zone.
19:54 of 3rd period - Snap shot by Tommy Wingels.
19:54 of 3rd period - Stopped by Garret Sparks with a rebound.
19:56 of 3rd period - Snap shot by Tomas Jurco.
19:56 of 3rd period - Deflect By Tommy Wingels.
19:56 of 3rd period - Goal by Tommy Wingels - Diables : 4 - Senators : 3.
19:57 of 3rd period - Stephane Da Costa wins face-off versus Tim Schaller in neutral zone.
Goals for this period are 4 for Diables vs 2 for Senators.
Shots for this period are 15 for Diables vs 12 for Senators.
Back to the Top